 Dungeon Crawl Stone Soup version 0.29.0-15-g675c0067aa (webtiles) character file.

Game seed: 10437628766645558206

316 qw the Chopper (level 6, -6/38 HPs)
             Began as a Gargoyle Fighter on Sept 12, 2022.
             Mangled by an ogre
             ... wielding a +0 giant spiked club
              (16 damage)
             ... on level 4 of the Dungeon.
             The game lasted 00:01:17 (4107 turns).

qw the Chopper (Gargoyle Fighter)                   Turns: 4107, Time: 00:01:17

Health: -6/38      AC: 15    Str: 22    XL:     6   Next: 44%
Magic:  6/6        EV:  6    Int:  8    God:
Gold:   16         SH:  4    Dex:  9    Spells: 5/5 levels left

rFire   . . .      SeeInvis .   Y - +0 war axe
rCold   + . .      Faith    .   c - +0 buckler
rNeg    + . .      Spirit   .   o - +0 plate armour
rPois   inf        Reflect  .   (no helmet)
rElec   +          Harm     .   (no cloak)
rCorr   .          Rampage  .   (no gloves)
Will    .....                   (no boots)
Stlth   ..........              (no amulet)
HPRegen 0.12/turn               j - ring of protection from cold
MPRegen 0.10/turn               (no ring)

@: no status effects
A: sickness immunity, AC +4, negative energy resistance 1, electricity
resistance, torment resistance 1, petrification resistance
a: no special abilities


You were on level 4 of the Dungeon.
You visited 1 branch of the dungeon, and saw 4 of its levels.

You collected 165 gold pieces.
You spent 149 gold pieces at shops.


Innate Abilities, Weirdness & Mutations

You are immune to sickness and miasma.
Your stone body is resilient. (AC +4)
You are immune to poison.
You resist negative energy. (rN+)
You are resistant to electric shocks. (rElec)
You are resistant to unholy torment.
You are immune to petrification.


   Skills:
 - Level 4.0 Fighting
 + Level 5.5 Axes
 - Level 1.0 Throwing
 - Level 3.2 Armour
 - Level 3.2 Shields


You had 5 spell levels left.
You didn't know any spells.
Your spell library was empty.

Inventory:

Hand Weapons
 b - the +5 flail "Dade Zapte" {vorpal, Dex+4 Stlth+}
   (You found it on level 4 of the Dungeon)

   It inflicts extra damage upon your enemies.
   Dex:       It affects your dexterity (+4).
   Stlth:     It makes you more stealthy.
 Y - a +0 war axe (weapon)
Missiles
 k - 5 boomerangs of dispersal
 l - 4 boomerangs
 m - 8 javelins
 s - 2 silver javelins (quivered)
Armour
 c - a +0 buckler (worn)
 o - a +0 plate armour (worn)
 r - a +0 helmet
Jewellery
 j - a ring of protection from cold (left hand)
Scrolls
 a - 2 scrolls of poison {unknown}
 f - 3 scrolls of identify
 i - a scroll of blinking
 n - a scroll of teleportation
 p - a scroll of enchant weapon {unknown}
Potions
 d - 2 potions of might
 e - 3 potions of curing
 g - a potion of attraction {unknown}
 h - 2 potions of heal wounds
 q - a potion of ambrosia {unknown}

Dungeon Overview and Level Annotations

Branches:
Dungeon (4/15)
 Temple: D:4-7

Altars:
Uskayaw
Yredelemnul

Shops:
D:4 ?


Message History

You start resting.
HP restored.
r - a +0 helmet;
e - 2 potions of curing (gained 1)
Items here: % )) [.
e - 3 potions of curing (gained 1)
Things that are here:
a +0 dagger; a goblin corpse
s - a silver javelin
m - 7 javelins (gained 2)
m - 8 javelins (gained 1)
s - 2 silver javelins (gained 1)
A kobold comes into view. It is wielding a +0 club.
The kobold shouts!
The kobold throws a stone.
The stone hits you but does no damage.
Enter note: Throw: 2 javelins (silver)
Press: ? - help, Q - select action, (/) - cycle Shift-Dir - straight line, f - kobold You throw a silver javelin.
The silver javelin barely misses the kobold.
The kobold throws a stone.
The stone hits you but does no damage.
You slash the kobold!
You kill the kobold!
Things that are here:
a +0 club; 2 stones; a kobold corpse
s - 2 silver javelins (gained 1)
An ogre comes into view. It is wielding a +0 giant spiked club.
Enter note:
Enter note: The ogre shouts!
You hit the ogre.
The ogre is lightly wounded.
The ogre hits you with a +0 giant spiked club!
You slash the ogre!
The ogre is heavily wounded.
The ogre hits you with a +0 giant spiked club!!
Ouch! That really hurt!
You hit the ogre.
The ogre is heavily wounded.
The ogre hits you with a +0 giant spiked club!
You die...

..## #.......##
...#####.......#
......##.#.###.#
.).##.##.#.###.######
%))# .............#
)).# ##.##.#..####.#
)#)# #.##..#.###..
...# #....###.#.#
.### ###.# ##@# ..#
#.# ##O# ..# ## ## ##
..# ... ..##.##
......# )......#
.......# ..##.....


You could see an ogre.

Vanquished Creatures
  A black bear (D:4)
  An orc wizard (D:2)
  Robin (D:4)
  7 adders
  A gnoll (D:1)
  4 worms
  5 dart slugs
  7 orcs
  4 bats
  7 endoplasms
  2 giant cockroaches
  12 goblins
  7 hobgoblins
  5 jackals
  12 kobolds
  2 quokkas
  6 ball pythons
  3 frilled lizards
  2 rats
89 creatures vanquished.

Notes
Turn   | Place    | Note
-------+----------+-------------------------------------------
     0 | D:1      | qw the Gargoyle Fighter began the quest for the Orb.
     0 | D:1      | Reached XP level 1. HP: 14/14 MP: 1/1
     0 | D:1      | 0 ||| qw: Version: 0.1-a-119-g272c26d
     0 | D:1      | 0 ||| qw: Game counter: 10886
     0 | D:1      | 0 ||| qw: Always use a shield: true
     0 | D:1      | 0 ||| qw: God list: Okawaru
     0 | D:1      | 0 ||| qw: Allow faded altars: false
     0 | D:1      | 0 ||| qw: Do Orc after D:15 true
     0 | D:1      | 0 ||| qw: Do second Lair branch before Depths: true
     0 | D:1      | 0 ||| qw: Lair rune preference: random
     0 | D:1      | 0 ||| qw: Plans: Normal, Zot, God:TSO, Crypt, Tomb, Pan,
                  | Slime, Hells, Zig, Abyss, Orb
     0 | D:1      | 0 ||| PLANNING D:1-11
   267 | D:1      | Reached skill level 2 in Axes
   354 | D:1      | Found a faded altar of an unknown god.
   646 | D:1      | 646 ||| Stepping ~*~*~tactically~*~*~ (stealth).
   649 | D:1      | 649 ||| Stepping ~*~*~tactically~*~*~ (stealth).
   651 | D:1      | Reached XP level 2. HP: 19/19 MP: 2/2
   980 | D:1      | 980 ||| Stepping ~*~*~tactically~*~*~ (stealth).
   984 | D:1      | 984 ||| Stepping ~*~*~tactically~*~*~ (hiding).
   989 | D:1      | Reached skill level 3 in Axes
   989 | D:1      | Reached XP level 3. HP: 19/23 MP: 3/3
  1296 | D:1      | 1296 ||| READING scroll labelled YVUCWOE UFYRET.
  1344 | D:1      | 1344 ||| READING scroll labelled XEFUITOAGOR.
  1348 | D:1      | 1348 ||| READING scroll labelled ICWEUZ TOGUPTA.
  1349 | D:1      | 1349 ||| READING 2 scrolls labelled PUOHUA XECZU.
  1350 | D:1      | 1350 ||| READING scroll labelled FAXIACV VAUPRANOS.
  1351 | D:1      | 1351 ||| DRINKING 2 cyan potions.
  1352 | D:1      | 1352 ||| DRINKING 2 dark potions.
  1353 | D:1      | 1353 ||| DRINKING 2 inky potions.
  1354 | D:1      | 1354 ||| DROPPING scroll of butterflies.
  1355 | D:1      | 1355 ||| DROPPING potion of flight.
  1393 | D:2      | 1393 ||| Stepping ~*~*~tactically~*~*~ (hiding).
  1394 | D:2      | 1394 ||| Stepping ~*~*~tactically~*~*~ (hiding).
  1419 | D:2      | 1419 ||| FLEEEEING.
  1420 | D:2      | 1420 ||| FLEEEEING.
  1421 | D:2      | 1421 ||| FLEEEEING.
  1422 | D:2      | 1422 ||| FLEEEEING.
  1425 | D:2      | 1425 ||| STAIRDANCE
  1492 | D:2      | 1492 ||| DROPPING +0 club.
  1510 | D:2      | Reached XP level 4. HP: 16/28 MP: 4/4
  1944 | D:2      | 1944 ||| Stepping ~*~*~tactically~*~*~ (stealth).
  1966 | D:2      | Reached skill level 4 in Axes
  2050 | D:2      | 2050 ||| Stepping ~*~*~tactically~*~*~ (stealth).
  2094 | D:2      | Reached skill level 1 in Throwing
  2192 | D:2      | 2192 ||| Stepping ~*~*~tactically~*~*~ (hiding).
  2193 | D:2      | 2193 ||| Stepping ~*~*~tactically~*~*~ (hiding).
  2194 | D:2      | 2194 ||| Stepping ~*~*~tactically~*~*~ (hiding).
  2207 | D:2      | 2207 ||| FLEEEEING.
  2208 | D:2      | 2208 ||| FLEEEEING.
  2209 | D:2      | 2209 ||| FLEEEEING.
  2210 | D:2      | 2210 ||| FLEEEEING.
  2211 | D:2      | 2211 ||| FLEEEEING.
  2212 | D:2      | 2212 ||| FLEEEEING.
  2213 | D:2      | 2213 ||| FLEEEEING.
  2214 | D:2      | 2214 ||| FLEEEEING.
  2215 | D:2      | 2215 ||| FLEEEEING.
  2216 | D:2      | 2216 ||| FLEEEEING.
  2217 | D:2      | 2217 ||| FLEEEEING.
  2218 | D:2      | 2218 ||| FLEEEEING.
  2219 | D:2      | 2219 ||| FLEEEEING.
  2220 | D:2      | 2220 ||| FLEEEEING.
  2221 | D:2      | 2221 ||| FLEEEEING.
  2222 | D:2      | 2222 ||| FLEEEEING.
  2223 | D:2      | 2223 ||| FLEEEEING.
  2224 | D:2      | 2224 ||| FLEEEEING.
  2225 | D:2      | 2225 ||| FLEEEEING.
  2226 | D:2      | 2226 ||| STAIRDANCE
  2384 | D:1      | 2384 ||| READING scroll labelled BIETRISOMP.
  2385 | D:1      | 2385 ||| DRINKING 2 bubbling ruby potions.
  2386 | D:1      | 2386 ||| DRINKING 2 green potions.
  2387 | D:1      | 2387 ||| DRINKING 2 lumpy inky potions.
  2492 | D:1      | 2492 ||| DROPPING potion of magic.
  2493 | D:1      | 2493 ||| DROPPING potion of brilliance.
  2494 | D:1      | 2494 ||| DROPPING potion of berserk rage.
  2497 | D:2      | 2497 ||| STAIRDANCE
  2549 | D:2      | 2549 ||| STAIRDANCE
  2586 | D:2      | Reached XP level 5. HP: 23/32 MP: 5/5
  2586 | D:2      | 2586 ||| STAIRDANCE
  2954 | D:2      | 2954 ||| READING scroll labelled EZXEKO TOX FER.
  3003 | D:3      | Found a faded altar of an unknown god.
  3012 | D:3      | Found a basalt altar of Yredelemnul.
  3089 | D:3      | 3089 ||| Stepping ~*~*~tactically~*~*~ (stealth).
  3458 | D:3      | Found a hide-covered altar of Uskayaw.
  3518 | D:3      | Reached skill level 5 in Axes
  3647 | D:3      | 3647 ||| Stepping ~*~*~tactically~*~*~ (stealth).
  3765 | D:3      | 3765 ||| STAIRDANCE
  3767 | D:2      | 3767 ||| UPGRADING to +0 plate armour.
  3777 | D:2      | 3777 ||| DROPPING +0 scale mail.
  3778 | D:2      | 3778 ||| UPGRADING to ring of protection from cold.
  3818 | D:4      | Identified the +5 flail "Dade Zapte" {vorpal, Dex+4 Stlth+}
  3820 | D:4      | 3820 ||| DROPPING +0 whip.
  3900 | D:4      | Found Xuacytz's Magic Scroll Shoppe.
  3911 | D:4      | 3911 ||| BUYING scroll of blinking (97 gold).
  3911 | D:4      | Bought a scroll of blinking for 97 gold pieces
  3911 | D:4      | 3911 ||| SHOPLISTING scroll of brand weapon (123 gold, have
                  | 68).
  3911 | D:4      | 3911 ||| SHOPLISTING scroll of enchant armour (97 gold,
                  | have 68).
  3911 | D:4      | 3911 ||| BUYING scroll of identify (26 gold).
  3911 | D:4      | Bought a scroll of identify for 26 gold pieces
  3911 | D:4      | 3911 ||| BUYING scroll of identify (26 gold).
  3911 | D:4      | Bought a scroll of identify for 26 gold pieces
  3911 | D:4      | 3911 ||| SHOPLISTING scroll of teleportation (39 gold, have
                  | 16).
  3922 | D:4      | 3922 ||| Stepping ~*~*~tactically~*~*~ (stealth).
  3925 | D:4      | 3925 ||| Stepping ~*~*~tactically~*~*~ (stealth).
  3932 | D:4      | 3932 ||| Stepping ~*~*~tactically~*~*~ (hiding).
  3933 | D:4      | Noticed Robin
  3935 | D:4      | Noticed a black bear
  3940 | D:4      | Killed Robin
  3944 | D:4      | Reached XP level 6. HP: 33/38 MP: 6/6
  3947 | D:4      | Killed a black bear
  3976 | D:4      | 3976 ||| Stepping ~*~*~tactically~*~*~ (stealth).
  4107 | D:4      | Mangled by an ogre

Levels and vault maps discovered:
D:1:      matt_arrival_grand_opening, layout_basic,
          hellmonk_ecumenical_altar_zigzags
D:2:      wad_river_or_something, layout_rooms
D:3:      layout_loops_ring, mainiacjoe_overflow_chevrons,
          nicolae_overflow_ecumenical_swirl, st_stairs_4
D:4:      layout_loops_cross, serial_shops, shop, uniq_robin

Skill      XL: |  1  2  3  4  5 |
---------------+----------------+-----
Axes           | 2 3 4 5 |  5.5
Throwing       | 1 |  1.0
Fighting       | 4 |  4.0
Armour         | |  3.2
Shields        | |  3.2

Action                   |  1- 3 |  4- 6 || total
-------------------------+-------+-------++-------
Melee: War axe           |    87 |   127 ||   214
Throw: Javelin           |       |    41 ||    41
       Boomerang         |       |     4 ||     4
  Use: Scroll            |     5 |     2 ||     7
       Potion            |     3 |     3 ||     6
Armor: Scale mail        |    48 |    53 ||   101
       Plate armour      |       |    29 ||    29
Dodge: Dodged            |    54 |    51 ||   105
Block: Buckler           |    22 |    21 ||    43

Table legend:
 A = Non-vault XP
 B = Vault XP
 C = Vault XP percentage of total XP
 D = Non-vault monster count
 E = Vault monster count
 F = Vault count percentage of total count
                 A         B        C        D         E       F
            +---------+---------+-------+---------+---------+-------
      Total |     387 |      65 |  14.4 |      67 |      22 |  24.7
            +---------+---------+-------+---------+---------+-------
        D:1 |      45 |       0 |   0.0 |      17 |       0 |   0.0
        D:2 |     126 |      26 |  17.1 |      26 |       9 |  25.7
        D:3 |      72 |       4 |   5.3 |      20 |       2 |   9.1
        D:4 |     144 |      35 |  19.6 |       4 |      11 |  73.3
            +---------+---------+-------+---------+---------+-------
